 Dungeon Crawl Stone Soup version 0.28-a0-1286-g6bde065e89 (webtiles) character file.

Game seed: 14104242105574959810

64 rocketpapaya the Sneak (level 4, -9/24 HPs)
             Began as a Kobold Ice Elementalist on Dec 26, 2021.
             Mangled by a gnoll (11 damage)
             ... on level 2 of the Dungeon.
             The game lasted 00:04:50 (2201 turns).

rocketpapaya the Sneak (Kobold Ice Elementalist)    Turns: 2201, Time: 00:04:50

Health: -9/24      AC:  2    Str:  5    XL:     4   Next: 32%
Magic:  16/16      EV: 12    Int: 18    God:
Gold:   47         SH:  0    Dex: 15    Spells: 3/7 levels left

rFire   . . .      SeeInvis .   m - +1 dagger (protect)
rCold   . . .      Faith    .   (shield restricted)
rNeg    . . .      Spirit   .   a - +0 robe
rPois   .          Reflect  .   (no helmet)
rElec   .          Harm     .   (no cloak)
rCorr   .          Rampage  .   (no gloves)
Will    .....                   (no boots)
Stlth   ++++......              (no amulet)
HPRegen 0.08/turn               f - ring of magical power
MPRegen 0.15/turn               (no ring)

@: constricted
A: small, no large weapons, nightstalker 3
a: no special abilities


You were on level 2 of the Dungeon.
You visited 1 branch of the dungeon, and saw 2 of its levels.

You collected 47 gold pieces.

Inventory:

Hand Weapons
 c - a +0 hunting sling
 m - a +1 dagger of protection (weapon)
Missiles
 k - 24 sling bullets
Armour
 a - a +0 robe (worn)
Magical Staves
 n - a staff of earth
Jewellery
 f - a ring of magical power (left hand)
Scrolls
 d - a scroll of torment {unknown}
 e - 2 scrolls of fear {unknown}
 g - 2 scrolls of noise {unknown}
 j - a scroll of holy word {unknown}
 r - a scroll of vulnerability {unknown}
 s - a scroll of summoning {unknown}
Potions
 b - a potion of mutation {unknown}
 h - a potion of degeneration {unknown}
 i - a potion of berserk rage {unknown}
 l - a potion of curing {unknown}
 o - a potion of heal wounds {unknown}
 p - a potion of might {unknown}
 q - a potion of attraction {unknown}


   Skills:
 - Level 2.4 Dodging
 + Level 6.1 Stealth
 - Level 2.1 Spellcasting
 - Level 4.0 Ice Magic


You had 3 spell levels left.
You knew the following spells:

 Your Spells              Type           Power      Damage    Failure   Level
a - Freeze                Ice            64%        1d8       3%          1
b - Frozen Ramparts       Ice            32%        1d5       11%         3

Your spell library contained the following spells:

 Spells                   Type           Power      Damage    Failure   Level
 Ozocubu's Armour         Ice            16%        N/A       11%         3
 Hailstorm                Conj/Ice       9%         3d4       61%         4


Dungeon Overview and Level Annotations

Branches:
Dungeon (2/15)

Altars:


Innate Abilities, Weirdness & Mutations

You are small and have problems with some larger weapons.
You are completely attuned to the shadows.


Message History

You kill the gnoll!
You have reached level 4!
The helpless gnoll fails to defend itself.
You puncture the gnoll!
You kill the gnoll!
Your Stealth skill increases to level 6!
The gnoll shouts!
The gnoll hits you with a +0 halberd.
Things that are here:
a +0 flail; a gnoll corpse The gnoll completely misses you.
The gnoll hits you from afar with a +0 halberd!
Ouch! That really hurt!
The ball python bites you but does no damage.
The ball python grabs you. The ball python constricts you.
The ball python bites you. The ball python constricts you.
The ball python's grasp on you weakens, but your attempt to escape fails.
The gnoll completely misses you. The ball python bites you.
* * * LOW HITPOINT WARNING * * *
The ball python constricts you.
* * * LOW HITPOINT WARNING * * *
You escape the ball python's grasp.
The ball python closely misses you. The ball python completely misses you.
The ball python bites you.
* * * LOW HITPOINT WARNING * * *
The ball python completely misses you. The ball python closely misses you. x2
There is a stone staircase leading up here.
The ball python barely misses you. The ball python grabs you.
You stop ascending the stairs.
The ball python constricts you.
You escape the ball python's grasp.
The gnoll barely misses you. The ball python bites you.
* * * LOW HITPOINT WARNING * * *
The ball python grabs you.
You stop ascending the stairs.
The ball python constricts you.
* * * LOW HITPOINT WARNING * * *
The ball python's grasp on you weakens, but your attempt to escape fails.
The ball python barely misses you. The ball python constricts you.
The gnoll hits you from afar with a +0 halberd!
You die...

########### ####
#.........# ###...
#.#######.# #(....
#.# #.# ##### #.#.##
#.# #####.###...#
#.#.##
#.###.....ggS@..#
#.#†#.
####.##..###.###...#
#.#.#.
...#.#....##.# ##.##
#.#...
..........##g# #.#
#.....
.#.#....gg...# #.#
#####.
##.####.###### #.#
#..... .#g# #.#
#####.## #.###. .g.#
#.# #......# #.# #.
g### ##'## #.###..#
#.###.


You could see 2 gnolls and a ball python.

Vanquished Creatures
  2 gnolls (D:2)
  An adder (D:2)
  A worm (D:2)
  6 endoplasms
  A giant cockroach (D:1)
  4 goblins
  2 hobgoblins (D:2)
  2 jackals (D:1)
  2 quokkas (D:1)
  3 ball pythons
  2 frilled lizards (D:2)
  A kobold (D:2)
  3 rats
30 creatures vanquished.

Notes
Turn   | Place    | Note
-------+----------+-------------------------------------------
     0 | D:1      | rocketpapaya the Kobold Ice Elementalist began the quest
                  | for the Orb.
     0 | D:1      | Reached XP level 1. HP: 10/10 MP: 3/3
    75 | D:1      | Reached skill level 3 in Stealth
   500 | D:1      | Reached XP level 2. HP: 12/15 MP: 5/5
   621 | D:1      | Reached skill level 4 in Stealth
  1220 | D:2      | Reached XP level 3. HP: 19/19 MP: 6/6
  1224 | D:2      | Learned a level 3 spell: Frozen Ramparts
  1281 | D:2      | Reached skill level 5 in Stealth
  2166 | D:2      | Reached XP level 4. HP: 24/24 MP: 7/7
  2168 | D:2      | Reached skill level 6 in Stealth
  2201 | D:2      | Mangled by a gnoll

Illustrated notes

Levels and vault maps discovered:
D:1:      lemuel_arrival_river_ford, layout_basic
D:2:      layout_loops_corners, amcnicky_mini_pool_small

Skill      XL: |  1  2  3  4 |
---------------+-------------+-----
Stealth        | 3 4 5 6 |  6.1
Dodging        | |  2.4
Spellcasting   | |  2.1
Ice Magic      | |  4.0

Action                   |  1- 3 |  4- 6 || total
-------------------------+-------+-------++-------
Melee: Dagger            |    22 |     1 ||    23
 Cast: Freeze            |    29 |       ||    29
 Stab: Sleeping          |     8 |     1 ||     9
Armor: Robe              |     4 |     1 ||     5
Dodge: Dodged            |    24 |    10 ||    34

Table legend: (Time is in decaauts)
 A = Elapsed time spent in this place.
 B = Non-inter-level travel time spent in this place.
 C = Inter-level travel time spent in this place.
 D = Time resting spent in this place.
 E = Time spent auto-exploring this place.
 F = Levels seen in this place.
 G = Mean time per level.
                   A        B        C        D        E       F      G
               +--------+--------+--------+--------+--------+-----+--------+
         Total |   2207 |   2193 |     14 |     47 |   1814 |   2 | 1103.5 |
       Dungeon |   2207 |   2193 |     14 |     47 |   1814 |   2 | 1103.5 |
               +--------+--------+--------+--------+--------+-----+--------+

Top non-repeatable levels by time:
     D:2: 1297 daAuts
     D:1: 909 daAuts
